AoeStats
← Celacho31

Arena

505381564Analyzed
4v4 RM · 21d ago on Sep 9, 2026· 81m 9s· 8 players
Game mode
Random Map
Map size
Large (8 player)
Population
200
Speed
Normal
Resources
Standard
Victory
Conquest
Starting age
Dark Age
Ending age
Imperial Age
RankedLock teamsTeams togetherTeam positionsShared explorationLock speedFull tech treeHidden civsTurbo modeCheats
Victory
Defeat
🇨🇴 Britons · Colombia
724
+11
🇦🇷 Persians · Argentina
613
+15
🇨🇱 Spanish · Chile
471
+22
🇺🇸 Romans · United States
471
+21
🇨🇴 Bohemians · Colombia
685
-50
🇨🇴 Italians · Colombia
683
-50
🇨🇴 Persians · Colombia
512
-20
🇨🇴 Britons · Colombia
491
-16
Daniel4217
12:06 Feudal Age
13:22 Double-Bit Axe
17:16 Stone Mining
20:29 Castle Age
20:19 Gold Mining
27:32 Thumb Ring
26:49 Crossbowman
30:31 Bow Saw
30:04 Horse Collar
37:08 Ballistics
37:00 Masonry
36:46 Murder Holes
37:08 Fortified Wall
46:20 Imperial Age
44:01 Heavy Plow
44:15 Murder Holes
44:01 Treadmill Crane
44:15 Guard Tower
46:16 Silk Road
45:34 Elite Skirmisher
47:20 Onager
48:56 Stone Shaft Mining
52:15 Pirotechnia
51:29 Elite Genoese Crossbowman
56:44 Cavalier
57:25 Husbandry
56:46 Light Cavalry
57:36 Bloodlines
57:30 Loom
58:21 Wheelbarrow
57:31 Town Watch
58:50 Chemistry
58:26 Keep
57:36 Arrowslits
58:25 Architecture
57:47 Heated Shot
Celacho31
11:42 Feudal Age
12:47 Double-Bit Axe
14:06 Wheelbarrow
13:51 Horse Collar
15:08 Loom
18:56 Castle Age
18:12 Town Watch
18:32 Padded Archer Armor
18:23 Fletching
19:32 Gold Mining
20:44 Bodkin Arrow
22:29 Hand Cart
23:23 Town Patrol
26:06 Crossbowman
29:20 Stone Mining
30:05 Gold Shaft Mining
34:47 Imperial Age
36:21 Leather Archer Armor
39:45 Yeomen
39:33 Caravan
40:04 Coinage
42:23 Hoardings
42:41 Elite Longbowman
44:52 Conscription
45:02 Bracer
45:56 Ring Archer Armor
48:00 Chemistry
47:02 Guard Tower
47:02 Arrowslits
47:39 Ballistics
49:42 Warwolf
53:55 Sappers
55:39 Keep
55:38 Arbalester
55:45 Heavy Cavalry Archer
73:02 Heavy Scorpion
tomo2220
11:35 Feudal Age
12:10 Horse Collar
12:17 Double-Bit Axe
14:05 Loom
15:21 Wheelbarrow
18:26 Castle Age
18:04 Stone Mining
18:47 Scale Barding Armor
18:43 Padded Archer Armor
18:34 Fletching
19:28 Husbandry
19:50 Heavy Plow
22:33 Bow Saw
23:35 Crossbowman
24:37 Bloodlines
26:29 Chain Barding Armor
26:24 Leather Archer Armor
27:23 Kamandaran
35:23 Hand Cart
42:13 Imperial Age
42:42 Elite War Elephant
43:35 Citadels
45:26 Thumb Ring
45:57 Ring Archer Armor
45:22 Bodkin Arrow
46:03 Plate Barding Armor
46:22 Crop Rotation
46:55 Two-Man Saw
56:26 Ballistics
56:31 Heavy Camel Rider
57:59 Conscription
64:57 Coinage
64:28 Caravan
64:38 Guilds
jeas0104
14:09 Feudal Age
16:32 Double-Bit Axe
16:31 Horse Collar
22:23 Castle Age
34:01 Wagenburg Tactics
37:55 Imperial Age
37:02 Chemistry
36:15 Masonry
36:12 Siphons
36:18 Fortified Wall
36:36 Bow Saw
39:01 Hussite Reforms
40:21 Elite Hussite Wagon
42:51 Guilds
43:11 Coinage
42:42 Caravan
50:42 Incendiaries
50:54 Bombard Tower
58:00 Ballistics
58:12 Architecture
57:48 Siege Engineers
60:57 Husbandry
63:17 Scale Barding Armor
63:13 Scale Mail Armor
63:04 Fletching
63:26 Forging
63:16 Padded Archer Armor
67:35 Houfnice
EPYON182
0:53 Loom
11:33 Feudal Age
13:40 Double-Bit Axe
15:26 Man-at-Arms
17:46 Wheelbarrow
18:51 Scale Mail Armor
19:02 Forging
20:58 Horse Collar
24:39 Castle Age
25:56 Hand Cart
26:03 Chain Mail Armor
25:16 Long Swordsman
26:07 Squires
29:09 Pikeman
32:08 Bow Saw
34:18 Heavy Plow
34:56 Iron Casting
34:25 Gold Mining
35:05 Stone Mining
35:55 Gold Shaft Mining
40:49 Ballistas
50:22 Caravan
57:41 Imperial Age
58:49 Heavy Scorpion
62:23 Comitatenses
61:30 Legionary
70:39 Onager
HELLsing
7:59 Loom
10:00 Feudal Age
11:14 Wheelbarrow
10:28 Double-Bit Axe
16:39 Gold Mining
18:55 Castle Age
17:39 Stone Mining
18:06 Horse Collar
21:45 Bow Saw
22:12 Gold Shaft Mining
21:51 Loom
22:21 Hand Cart
24:51 Heavy Plow
35:10 Imperial Age
33:16 Husbandry
34:09 Forging
34:06 Scale Barding Armor
34:27 Kamandaran
35:17 Fletching
35:12 Cavalier
36:41 Iron Casting
36:08 Town Watch
37:40 Chain Barding Armor
36:52 Pikeman
39:18 Town Patrol
39:08 Halberdier
39:32 Savar
42:25 Blast Furnace
42:01 Plate Barding Armor
43:15 Halberdier
45:17 Kamandaran
45:29 Citadels
45:42 Conscription
45:27 Scale Mail Armor
45:22 Bodkin Arrow
45:28 Padded Archer Armor
46:01 Crop Rotation
46:33 Two-Man Saw
46:12 Stone Shaft Mining
46:06 Bloodlines
46:35 Coinage
45:50 Elite Skirmisher
51:02 Elite War Elephant
52:20 Chain Mail Armor
52:21 Leather Archer Armor
55:59 Murder Holes
56:15 Masonry
57:06 Chemistry
56:35 Ballistics
57:00 Plate Mail Armor
57:00 Ring Archer Armor
57:53 Squires
57:39 Arson
57:40 Gambesons
63:59 Crossbowman
64:45 Thumb Ring
64:10 Light Cavalry
64:49 Hussar
66:55 Hoardings
KKKabrera
0:57 Loom
15:31 Feudal Age
16:24 Horse Collar
16:47 Double-Bit Axe
17:07 Arson
17:31 Stone Mining
17:23 Man-at-Arms
19:07 Town Watch
20:38 Wheelbarrow
24:13 Castle Age
23:53 Scale Barding Armor
25:14 Long Swordsman
25:40 Gambesons
25:57 Squires
26:14 Husbandry
27:44 Hand Cart
28:27 Town Patrol
29:05 Caravan
30:33 Ballistics
32:38 Pikeman
36:17 Imperial Age
36:11 Bloodlines
36:28 Gold Mining
37:19 Stone Shaft Mining
36:59 Bow Saw
36:54 Heavy Plow
39:21 Guilds
40:19 Chemistry
39:30 Fortified Wall
39:15 Murder Holes
39:03 Cavalier
41:42 Paladin
43:44 Halberdier
43:46 Two-Handed Swordsman
44:49 Chain Barding Armor
45:24 Elite Conquistador
46:21 Masonry
47:30 Hoardings
53:14 Plate Barding Armor
61:35 Thumb Ring
71:21 Architecture
71:12 Bombard Tower
Witen
10:23 Feudal Age
10:54 Double-Bit Axe
13:21 Horse Collar
20:05 Castle Age
22:06 Bow Saw
29:04 Imperial Age
27:24 Stone Mining
27:25 Gold Mining
27:38 Fletching
28:59 Gold Shaft Mining
32:48 Ballistics
33:29 Chemistry
33:15 Bodkin Arrow
33:21 Padded Archer Armor
34:37 Two-Man Saw
33:55 Elite Longbowman
37:11 Wheelbarrow
36:21 Town Watch
37:22 Wheelbarrow
36:32 Town Watch
37:03 Bracer
37:20 Leather Archer Armor
38:09 Yeomen
57:04 Scale Barding Armor
57:10 Forging
57:31 Ring Archer Armor
57:28 Cavalier
58:08 Husbandry
58:33 Conscription
58:41 Conscription
59:18 Chain Barding Armor
59:34 Iron Casting
66:43 Plate Barding Armor
67:08 Blast Furnace
Connection lost

Rejoining the realm…

Still unreachable

The connection could not be restored.

Session expired

The server has moved on; the page needs a fresh start.